 Dungeon Crawl Stone Soup version 0.28.0-1-gb440e238dd (webtiles) character file.

Game seed: 16573504734470589135

4157 Slacking101 the Geomancer (level 10, -19/99 HPs)
             Began as an Octopode Transmuter on Feb 20, 2022.
             Was an Elder of Okawaru.
             Killed from afar by Maggie (24 damage)
             ... with a bolt of acid
             ... on level 8 of the Dungeon on Feb 21, 2022.
             The game lasted 01:02:10 (11308 turns).

Slacking101 the Geomancer (Octopode Transmuter)    Turns: 11308, Time: 01:02:11

Health: -19/99     AC: 25    Str:  9 (10) XL:     10   Next: 28%
Magic:  0/16       EV:  2    Int: 18 (20) God:    Okawaru [****..]
Gold:   249        SH:  0    Dex: 10 (12) Spells: 9/17 levels left

rFire   . . .      SeeInvis .   m - +1 dagger (elec)
rCold   . . .      Faith    .   (no shield)
rNeg    . . .      Spirit   .   (helmet currently unavailable)
rPois   +          Reflect  .   (no amulet)
rElec   .          Harm     .   k - +4 ring of evasion
rCorr   .          Rampage  .   C - +4 ring of evasion
Will    .....      NoTele   +   (no ring)
Stlth   +++.......              (no ring)
HPRegen 0.26/turn               (no ring)
MPRegen 0.15/turn               (no ring)
                                (no ring)
                                (no ring)

@: tree-form, weak-willed, mesmerised, very slightly contaminated
A: stationary, stasis, torment immunity, boosted hp, almost no armour,
(amphibious), 8 rings, (camouflage 1), (gelatinous body 1), (nimble swimmer 1),
(tentacles)
a: Renounce Religion, Heroism, Finesse


You were on level 8 of the Dungeon.
You worshipped Okawaru.
Okawaru was greatly pleased with you.
You were a tree.
You visited 1 branch of the dungeon, and saw 8 of its levels.

You collected 249 gold pieces.

Inventory:

Hand Weapons
 d - a +0 dagger
 m - a +1 dagger of electrocution (weapon)
 s - a +0 hunting sling
Missiles
 b - 200 stones
 o - 10 poisoned darts (quivered)
 t - 16 sling bullets
 x - 6 atropa-tipped darts {=F}
Armour
 h - a +0 buckler
Magical Staves
 q - a staff of poison
Jewellery
 k - a +4 ring of evasion (left branch)
 C - a +4 ring of evasion (right branch)
Wands
 w - a wand of iceblast (2) {=F}
 y - a wand of flame (11) {=F}
Scrolls
 e - 4 scrolls of teleportation
 g - 3 scrolls of enchant armour
 j - a scroll of vulnerability
 n - a scroll of blinking
 p - a scroll of amnesia {unknown}
 r - a scroll of identify
 z - a scroll of immolation {unknown}
 B - a scroll of enchant weapon {unknown}
 D - a scroll of summoning {unknown}
 E - a scroll of fear {unknown}
Potions
 a - a potion of mutation
 f - 2 potions of flight
 i - a potion of lignification
 l - a potion of degeneration
 u - a potion of heal wounds {unknown}
 v - a potion of haste {unknown}
 A - a potion of brilliance {unknown}


   Skills:
 - Level 5.0 Fighting
 - Level 2.0 Dodging
 - Level 5.0 Stealth
 - Level 3.0 Unarmed Combat
 - Level 4.0 Spellcasting
 - Level 7.0 Transmutations
 + Level 9.8 Earth Magic
 - Level 4.2 Poison Magic
 - Level 2.0 Invocations


You had 9 spell levels left.
You knew the following spells:

 Your Spells              Type           Power      Damage    Failure   Level
a - Beastly Appendage     Tmut           56%        N/A       1%          1
b - Spider Form           Tmut/Pois      23%        N/A       4%          3
c - Petrify               Tmut/Erth      33%        N/A       4%          4

Your spell library contained the following spells:

 Spells                   Type           Power      Damage    Failure   Level
 Wereblood                Tmut           28%        N/A       1%          2
 Foxfire                  Conj/Fire      12%        2x1d4     14%         1
 Blink                    Tloc           6%         N/A       22%         2
 Sublimation of Blood     Necr           3%         N/A       22%         2
 Ice Form                 Ice/Tmut       16%        N/A       34%         4
 Conjure Flame            Conj/Fire      3%         6-21      41%         3
 Gell's Gravitas          Tloc           3%         N/A       41%         3
 Inner Flame              Hex/Fire       3%         N/A       41%         3
 Lesser Beckoning         Tloc           3%         N/A       41%         3
 Teleport Other           Tloc           3%         N/A       41%         3
 Irradiate                Conj/Tmut      8%         3d16      67%         5
 Flame Wave               Conj/Fire      3%         2d4       82%         4
 Manifold Assault         Tloc           3%         N/A       99%         5
 Metabolic Englaciation   Hex/Ice        1%         N/A       99%         5
 Polar Vortex             Ice            1%         N/A       100%        9
 Simulacrum               Ice/Necr       Unusable   N/A       N/A         6

Dungeon Overview and Level Annotations

Branches:
Dungeon (8/15)             Temple (0/1) D:7
   Lair: D:8-11

Altars:
Gozag
Okawaru
The Shining One

Shops:
D:1 [   D:2 =[!:!   D:5 :?*?=

Annotations:
D:3 1 runed translucent door, Crazy Yiuf
D:4 exclusion: 3 gnolls, Eustachio
D:5 2 exclusions
D:7 Harold
D:8 exclusion: orc, Maggie


Innate Abilities, Weirdness & Mutations

You are a tree.
Your roots penetrate the ground, keeping you stationary.
You cannot be teleported.
You are immune to unholy pain and torment.
Your maximum health is greatly increased.
You cannot wear most types of armour.
((You are amphibious.))
You can wear up to eight rings at the same time.
((Your skin changes colour to match your surroundings (Stealth+).))
((Your rubbery body absorbs attacks. (AC +1, EV +1)))
((You are camouflaged when in or above water. (Stealth+)))
((You have tentacles for arms and can constrict up to eight enemies at once.))


Message History

You feel weakened.
You feel dopey.
You feel clumsy.
The centaur stops moving altogether!
The helpless centaur fails to defend itself.
You puncture the centaur!
The centaur is severely wounded.
Maggie casts a spell at you. The bolt of fire hits you!
* * * LOW HITPOINT WARNING * * *
You feel better.
You feel better.
A centaur warrior comes into view.
You feel better.
The centaur warrior wields a +0 shortbow.
The centaur warrior shoots an arrow.
The arrow hits you but does no damage.
Unknown command.
As you read the scroll labelled ZIEM KINWIASTE, it crumbles to dust.
Magic quickly surges around you.
It was a scroll of vulnerability.
The centaur warrior shoots an arrow.
The arrow barely misses you.
Maggie mumbles some strange words.
Maggie attempts to bespell you!
You are mesmerised by Maggie!
Okay, then.
Press: ? - help, v - describe, . - travel
Here: Maggie, wielding a +0 war axe of flaming, wearing +0 acid dragon scales and carrying a wand of acid (10) (mesmerising, weak-willed)
The floor.
Casting: Petrify (dangerous; 4% risk of failure)
Confirm with . or Enter, or press ? or * to list all spells.
Aiming: Petrify (dangerous; 4% risk of failure)
Press: ? - help, Shift-Dir - straight line, f - Maggie
Aim: Maggie, wielding a +0 war axe of flaming, wearing +0 acid dragon scales and carrying a wand of acid (10) (mesmerising, weak-willed, chance to affect: 71%) Maggie struggles to resist.
The centaur warrior shoots an arrow.
The arrow hits you. Maggie casts a spell at you. The bolt of fire hits you!
* * * LOW HITPOINT WARNING * * *
The centaur warrior shoots an arrow.
The arrow hits you but does no damage.
You feel better.
The centaur warrior shoots an arrow.
The arrow hits you!
* * * LOW HITPOINT WARNING * * *
Maggie zaps a wand.
The bolt of acid hits you!!
You die...

.. #.##
#....
#....#######
#..........#
.....(...#.#
.#..@.c).#c#
.......♣.#.#
.........#.#
#........#.#
.c..####.#.#
..##
#.#.########
.
#.#...c....#
.########.#
## #.# #.#


You could see Maggie (mesmerising, weak-willed), a centaur warrior (weak-willed)
and a centaur (petrified, weak-willed).

Vanquished Creatures
  A two-headed ogre (D:8)
  Psyche (D:8)
  A hornet (D:8)
  4 yaks
  A steam dragon (D:8)
  An acid dragon (D:8)
  2 ice beasts
  A hornet zombie (D:7)
  2 orc warriors
  2 sky beasts
  A black bear (D:7)
  A necrophage (D:6)
  2 ogres (D:5)
  2 phantoms
  2 wyvern zombies
  4 scorpions
  A water moccasin skeleton (D:6)
  4 wights (D:6)
  A hound (D:7)
  A jelly (D:7)
  An orc priest (D:7)
  A centaur skeleton (D:7)
  Jessica (D:3)
  5 iguanas
  4 orc wizards
  A killer bee zombie (D:7)
  A howler monkey zombie (D:7)
  3 gnolls (D:3)
  9 adders
  A shadow imp (D:6)
  2 white imps
  An adder skeleton (D:5)
  A worm (D:5)
  A dart slug (D:3)
  14 orcs
  8 endoplasms
  5 giant cockroaches
  17 goblins
  9 hobgoblins
  7 quokkas
  6 ball pythons
  7 bats
  2 frilled lizards (D:1)
  10 kobolds
  2 rats (D:2)
154 creatures vanquished.

Notes
Turn   | Place    | Note
-------+----------+-------------------------------------------
     0 | D:1      | Slacking101 the Octopode Transmuter began the quest for the
                  | Orb.
     0 | D:1      | Reached XP level 1. HP: 13/13 MP: 3/3
    24 | D:1      | Reached skill level 1 in Stealth
    92 | D:1      | Reached XP level 2. HP: 16/18 MP: 3/5
   584 | D:1      | Found Pafuugicw's Antique Armour Shop.
   598 | D:1      | Reached XP level 3. HP: 18/23 MP: 4/6
  1527 | D:2      | Found Aghoytiu's Distillery.
  1529 | D:2      | Found Giatofum's Book Emporium.
  1594 | D:2      | Found Fasask's Armour Emporium.
  1599 | D:2      | Found Segg's Jewellery Emporium.
  1604 | D:2      | Found Wemihy Ifiri's Distillery.
  1693 | D:2      | Found a faded altar of an unknown god.
  1759 | D:2      | Reached XP level 4. HP: 20/28 MP: 5/7
  2250 | D:3      | Found a runed translucent door.
  2251 | D:3      | Noticed Crazy Yiuf
  2442 | D:3      | Noticed Jessica
  2758 | D:3      | Reached skill level 5 in Stealth
  2767 | D:3      | Reached XP level 5. HP: 33/33 MP: 5/8
  3196 | D:3      | Killed Jessica
  3390 | D:4      | Noticed Eustachio
  3414 | D:4      | Learned a level 3 spell: Spider Form
  3511 | D:4      | Noticed a phantom
  3720 | D:4      | Reached skill level 1 in Poison Magic
  3872 | D:4      | Found an iron altar of Okawaru.
  3883 | D:4      | Became a worshipper of Warmaster Okawaru
  3966 | D:4      | Learned a level 4 spell: Petrify
  4071 | D:4      | Reached XP level 6. HP: 29/38 MP: 7/9
  4212 | D:5      | Entered Level 5 of the Dungeon
  4320 | D:5      | Found Odehok's Magic Scroll Shop.
  4889 | D:5      | Reached skill level 1 in Earth Magic
  5088 | D:5      | Reached * piety under Okawaru
  5089 | D:5      | Reached skill level 2 in Earth Magic
  5089 | D:5      | Reached XP level 7. HP: 29/45 MP: 8/10
  5211 | D:5      | Found Pocosh's Book Shop.
  5396 | D:5      | Found Isiklyc's Jewellery Boutique.
  5426 | D:5      | Found Loiratohae's Magic Scroll Shop.
  5436 | D:5      | Noticed a yak
  5436 | D:5      | Noticed a yak
  5436 | D:5      | Noticed a yak
  5436 | D:5      | Noticed a yak
  5465 | D:5      | Killed a yak
  5599 | D:5      | Found Sooshroakk's Assorted Antiques.
  5632 | D:5      | Reached ** piety under Okawaru
  5788 | D:5      | Reached skill level 5 in Fighting
  5861 | D:5      | Noticed a yak
  5978 | D:5      | Reached XP level 8. HP: 55/55 MP: 5/11
  6210 | D:4      | Reached skill level 3 in Earth Magic
  6612 | D:6      | Reached skill level 5 in Transmutations
  6923 | D:6      | Found an opulent altar of Gozag.
  7095 | D:6      | Reached skill level 1 in Invocations
  7108 | D:6      | Reached skill level 4 in Earth Magic
  7581 | D:6      | Got the Volume of Ice
  7873 | D:6      | Reached skill level 5 in Earth Magic
  8024 | D:6      | Reached XP level 9. HP: 61/61 MP: 12/12
  8292 | D:7      | Noticed Harold
  8366 | D:7      | Found a glowing golden altar of the Shining One.
  8457 | D:7      | Reached *** piety under Okawaru
  8836 | D:7      | Reached skill level 6 in Earth Magic
  9122 | D:7      | Found a staircase to the Ecumenical Temple.
  9878 | D:8      | Noticed a hornet
  9884 | D:8      | Paralysed by a hornet for 3 turns
  9904 | D:8      | Killed a hornet
 10460 | D:8      | Reached skill level 7 in Earth Magic
 10505 | D:8      | Reached skill level 8 in Earth Magic
 10522 | D:8      | Reached **** piety under Okawaru
 10523 | D:8      | Reached XP level 10. HP: 41/66 MP: 8/16
 10671 | D:8      | Noticed a two-headed ogre
 10671 | D:8      | Noticed a centaur warrior
 10675 | D:8      | Noticed Psyche
 10678 | D:8      | Killed Psyche
 10679 | D:8      | Reached skill level 9 in Earth Magic
 10680 | D:8      | Noticed a two-headed ogre
 11293 | D:8      | Killed a two-headed ogre
 11300 | D:8      | Noticed Maggie
 11304 | D:8      | Noticed a centaur warrior
 11308 | D:8      | Killed from afar by Maggie

Illustrated notes

Levels and vault maps discovered:
D:1:      minmay_arrival_open_corners, layout_basic, serial_shops,
          nicolae_diamond_shop, serial_rivers, chequers_serial_rivers_small_b,
          chequers_serial_rivers_micro_b, chequers_serial_rivers_marsh,
          chequers_serial_rivers_large_b, chequers_serial_rivers_small_a,
          chequers_serial_rivers_room_a
D:2:      layout_basic, serial_shops, nicolae_shop_waterfront, shop, shop, shop,
          shop, hellmonk_ecumenical_altar_arch_garden
D:3:      layout_rooms, minmay_misc_feat_doors, uniq_crazy_yiuf_cottage,
          uniq_jessica
D:4:      layout_rooms, kennysheep_okawaru_gauntlet, uniq_eustachio
D:5:      layout_loops_cross, serial_shops, nicolae_take_the_stairs, shop, shop,
          nicolae_shop_behind_doors,
          nicolae_shop_temple_entry_statues_fountains, kennysheep_cluttered_room
D:6:      minmay_skewed_foursquare, layout_gridville, lemuel_round_altar,
          kennysheep_generic_room_14
D:7:      layout_basic, mainiacjoe_overflow_surrounded_room,
          minmay_temple_entry_butterflies, uniq_harold
D:8:      minmay_chambers_of_sevens, layout_basic, uniq_psyche, uniq_grum,
          uniq_maggie

Skill      XL: |  1  2  3  4  5  6  7  8  9 10 |
---------------+-------------------------------+-----
Stealth        | 2 3 4 5 |  5.0
Transmutations | 3 4 6 7 |  7.0
Poison Magic   | 3 4 |  4.2
Fighting       | 2 5 |  5.0
Earth Magic    | 2 5 8 9 |  9.8
Invocations    | 2 |  2.0
Spellcasting   | 4 |  4.0
Dodging        | |  2.0
Unarmed Combat | |  3.0

Action                   |  1- 3 |  4- 6 |  7- 9 | 10-12 || total
-------------------------+-------+-------+-------+-------++-------
Melee: Unarmed           |    12 |     6 |    96 |       ||   114
       Kick              |    17 |    21 |     8 |       ||    46
       Constrict         |    22 |    23 |    15 |       ||    60
       Tentacles         |    18 |    17 |    25 |     3 ||    63
       Short sword       |    15 |       |       |       ||    15
       Dagger            |    56 |    97 |   125 |    11 ||   289
       Punch             |     3 |     5 |     8 |     2 ||    18
 Fire: Hunting sling     |       |       |    30 |       ||    30
Throw: Stone             |     5 |    14 |     4 |       ||    23
       Dart              |       |     6 |    15 |       ||    21
 Cast: Beastly Appendage |    28 |    19 |     4 |       ||    51
       Spider Form       |       |     2 |    15 |     1 ||    18
       Petrify           |       |       |    15 |    15 ||    30
Invok: Heroism           |       |       |     4 |       ||     4
 Abil: End Transformatio |       |     1 |    11 |     1 ||    13
Evoke: Wand              |       |       |     4 |     7 ||    11
  Use: Scroll            |     3 |     1 |     4 |     6 ||    14
       Potion            |       |       |     2 |     6 ||     8
 Stab: Sleeping          |    12 |    11 |    10 |       ||    33
       Distracted        |       |       |     1 |       ||     1
       Petrified         |       |       |    29 |     8 ||    37
       Petrifying        |       |       |     2 |       ||     2
Armor: Skin              |     3 |     3 |    36 |    20 ||    62
Dodge: Dodged            |    31 |    37 |   128 |    22 ||   218
Block: Buckler           |       |     8 |       |       ||     8
